 Dungeon Crawl Stone Soup version 0.28.0-53-g5a82cb258f (webtiles) character file.

Game seed: 12856802170053059712

455 lockman776 the Cleaver (level 6, -6/53 HPs)
             Began as a Minotaur Berserker on Aug 14, 2022.
             Was a Believer of Trog.
             Mangled by an ogre
             ... wielding a +0 giant club
              (12 damage)
             ... on level 4 of the Dungeon on Aug 15, 2022.
             The game lasted 00:32:51 (3768 turns).

lockman776 the Cleaver (Minotaur Berserker)         Turns: 3768, Time: 00:32:52

Health: -6/53      AC:  7    Str: 24    XL:     6   Next: 76%
Magic:  5/5        EV: 10    Int:  4    God:    Trog [**....]
Gold:   173        SH:  0    Dex:  9    Spells: 5/5 levels left

rFire   . . .      SeeInvis .   a - +0 hand axe
rCold   . . .      Faith    .   (no shield)
rNeg    . . .      Spirit   .   n - +0 scale mail
rPois   .          Reflect  .   (helmet restricted)
rElec   .          Harm     .   (no cloak)
rCorr   .          Rampage  .   (no gloves)
Will    .....                   k - +0 pair of boots
Stlth   ..........              (no amulet)
HPRegen 0.17/turn               (no ring)
MPRegen 0.09/turn               (no ring)

@: no status effects
A: horns 2, retaliatory headbutt
a: Renounce Religion, Berserk, Trog's Hand


You were on level 4 of the Dungeon.
You worshipped Trog.
Trog was pleased with you.
You visited 1 branch of the dungeon, and saw 4 of its levels.

You collected 173 gold pieces.

Inventory:

Hand Weapons
 a - a +0 hand axe (weapon)
Armour
 b - a +0 animal skin
 i - a +0 leather armour
 k - a +0 pair of boots (worn)
 n - a +0 scale mail (worn)
Jewellery
 o - a +4 ring of protection
Scrolls
 c - 2 scrolls of identify {unknown}
 e - 2 scrolls of summoning {unknown}
 g - 2 scrolls of enchant armour {unknown}
 m - a scroll of fear {unknown}
 s - 2 scrolls of teleportation {unknown}
 t - a scroll of silence {unknown}
 v - a scroll of blinking {unknown}
Potions
 d - a potion of haste {unknown}
 f - a potion of heal wounds {unknown}
 h - a potion of curing {unknown}
 j - a potion of cancellation {unknown}
 l - 2 potions of attraction {unknown}
 q - a potion of brilliance {unknown}
 r - a potion of might
 u - 2 potions of lignification {unknown}
Miscellaneous
 p - a tin of tremorstones (2/2)


   Skills:
 - Level 4.3 Fighting
 + Level 8.9 Axes
 - Level 2.5 Armour
 - Level 2.3 Dodging


You had 5 spell levels left.
You didn't know any spells.
Your spell library was empty.

Dungeon Overview and Level Annotations

Branches:
Dungeon (4/15)
 Temple: D:4-7

Altars:

Annotations:
D:4 Blork the orc


Innate Abilities, Weirdness & Mutations

You have a pair of horns on your head.
You reflexively headbutt those who attack you in melee.


Message History

The puff of frost hits you but does no damage.
You hit the adder.
The adder is lightly wounded.
The adder misses you.
You miss the adder. Your headbutt misses the adder.
The adder is lightly wounded.
The adder bites you but does no damage.
You slash the adder!
The adder is almost dead.
The adder closely misses you.
You hit the adder.
You kill the adder!
Trog accepts your kill. Blork the orc barely misses you.
Blork the orc casts a spell at you. The puff of frost hits you.
Blork the orc casts a spell.
Blork the orc seems to speed up.
Blork the orc curses loudly, in orcish tradition.
The ogre hits you with a +0 giant club!!
You hit the ogre.
The ogre is lightly wounded.
Blork the orc screams, "I'm much stronger than you!"
Blork the orc hits you from afar with a +0 glaive!
You hit the ogre. You headbutt the ogre.
The ogre is lightly wounded.
Blork the orc hits you but does no damage.
The ogre closely misses you.
You barely miss the ogre.
The ogre is lightly wounded.
Blork the orc barely misses you. Blork the orc closely misses you.
The ogre hits you with a +0 giant club!
* * * LOW HITPOINT WARNING * * *
You slash the ogre!
The ogre is moderately wounded.
Blork the orc begins to cast a cantrip, but forgets the words!
You barely miss the ogre. You headbutt the ogre.
The ogre is heavily wounded.
Blork the orc barely misses you. The ogre hits you with a +0 giant club!
You die...

##...........>..
#....#..........
##...#........#.## ###
#.............#..##
#..##.................#
#.........♣♣♣...♣♣♣....
##....o..♣# ♣.♣# ♣...
#....O#.♣ ♣.♣ ♣...
##...@..♣# #♣.♣# #♣..>
#[#.....♣♣♣.♣.♣♣♣....
##.#..#.....♣♣♣.......
#.....#..♣♣♣.♣.♣♣♣....
##.......♣# #♣.♣# #♣÷..
#........♣ ♣.♣ ♣.##
##...###.♣ #♣.♣# #♣)).
##.## #..♣♣♣...♣♣♣..#.
### #...............


You could see Blork the orc (fast, resistant) and an ogre.

Vanquished Creatures
  Grinder (D:3)
  A scorpion (D:4)
  An iguana (D:4)
  3 gnolls (D:4)
  5 adders
  An ufetubus (D:4)
  2 worms (D:2)
  3 dart slugs
  An orc (D:3)
  10 ball pythons
  5 endoplasms
  3 giant cockroaches
  6 goblins
  6 hobgoblins
  4 jackals
  2 quokkas
  6 bats
  2 frilled lizards
  6 kobolds
  9 rats
77 creatures vanquished.

Notes
Turn   | Place    | Note
-------+----------+-------------------------------------------
     0 | D:1      | lockman776 the Minotaur Berserker began the quest for the
                  | Orb.
     0 | D:1      | Reached XP level 1. HP: 19/19 MP: 0/0
   227 | D:1      | Reached skill level 4 in Axes
   227 | D:1      | Reached XP level 2. HP: 23/27 MP: 1/1
   623 | D:1      | Reached XP level 3. HP: 21/33 MP: 2/2
   935 | D:2      | Reached ** piety under Trog
  1310 | D:2      | Found a faded altar of an unknown god.
  1554 | D:2      | Reached skill level 5 in Axes
  1882 | D:2      | Reached XP level 4. HP: 40/41 MP: 3/3
  2468 | D:3      | Reached *** piety under Trog
  2654 | D:3      | Noticed Grinder
  2667 | D:3      | Paralysed by Grinder for 3 turns
  2674 | D:3      | Killed Grinder
  2675 | D:3      | Reached skill level 8 in Axes
  2675 | D:3      | Reached XP level 5. HP: 27/47 MP: 4/4
  2675 | D:3      | Reached XP level 6. HP: 31/53 MP: 5/5
  3738 | D:4      | Noticed Blork the orc
  3768 | D:4      | Mangled by an ogre

Illustrated notes

Levels and vault maps discovered:
D:1:      mainiacjoe_arrival_reflecting_pool, layout_basic,
          minmay_tree_intersection, minmay_misc_feat_rugged
D:2:      layout_loops_corners, shapermc_ecumenical_altar_mp_vishouse
D:3:      minmay_octagon_keep, layout_basic, uniq_grinder
D:4:      layout_cave_pools, minmay_stone_trees_medium, uniq_blork_the_orc

Skill      XL: |  1  2  3  4 |
---------------+-------------+-----
Axes           | 4 5 8 |  8.9
Fighting       | 4 |  4.3
Armour         | |  2.5
Dodging        | |  2.3

Action                   |  1- 3 |  4- 6 || total
-------------------------+-------+-------++-------
Melee: Hand axe          |   117 |    94 ||   211
       Headbutt          |    13 |    12 ||    25
       Punch             |     1 |     2 ||     3
Invok: Berserk           |       |     2 ||     2
Armor: Animal skin       |     9 |       ||     9
       Leather armour    |    13 |     1 ||    14
       Scale mail        |       |    24 ||    24
Dodge: Dodged            |    47 |    47 ||    94
